 Dungeon Crawl Stone Soup version 0.19-a0-1732-g0b18a7b (webtiles) character file.

5754 Amnesiac the Thaumaturge (level 10, -3/50 HPs)
             Began as a Deep Elf Earth Elementalist on Sept 30, 2016.
             Was an Initiate of Gozag.
             Slain by a killer bee (4 damage)
             ... on level 9 of the Dungeon.
             The game lasted 00:21:15 (9854 turns).

Amnesiac the Thaumaturge (DEEE)                     Turns: 9854, Time: 00:21:16

Health: -3/50      AC: -2    Str:  5    XL:     10   Next: 49%
Magic:  34/38      EV: 13    Int: 21    God:    Gozag
Gold:   836        SH:  0    Dex: 18    Spells: 8 memorised, 13 levels left

rFire  . . .     SeeInvis .     p - +0 dagger
rCold  . . .     Gourm    .     c - +0 robe
rNeg   . . .     Faith    .     (no shield)
rPois  .         Spirit   .     (no helmet)
rElec  .         Dismiss  .     M - +2 cloak {+Inv}
rCorr  .         Reflect  .     (no gloves)
MR     +....     Harm     .     K - +0 pair of boots
Stlth  ++++......               (no amulet)
                                (no ring)
                                f - ring of magical power

@: corroded, gold aura
A: no striking features
a: Potion Petition, Call Merchant, Bribe Branch, Renounce Religion, Evoke
Invisibility


You were on level 9 of the Dungeon.
You worshipped Gozag.
Gozag was pleased with you.
You were hungry.

You visited 1 branch of the dungeon, and saw 9 of its levels.

You collected 1694 gold pieces.
You paid 858 gold pieces to Gozag.

Inventory:

Hand Weapons
 p - a +0 dagger (weapon)
Missiles
 b - 55 stones (quivered)
 l - a throwing net
Armour
 c - a +0 robe (worn)
 K - a +0 pair of boots (worn)
 M - a +2 cloak of invisibility (worn)
 O - a +1 cloak of magic resistance
Jewellery
 f - a ring of magical power (left hand)
 x - an uncursed ring of ice
 z - an uncursed ring of fire
 L - a +3 ring of strength {unknown}
Wands
 y - a wand of iceblast (6/15)
 N - a wand of lightning (4/15)
Scrolls
 a - 3 scrolls of enchant weapon {unknown}
 g - 11 scrolls of identify {unknown}
 h - 2 scrolls of magic mapping {unknown}
 k - 2 scrolls of fear {unknown}
 m - 4 scrolls of teleportation {unknown}
 s - 4 scrolls of remove curse {unknown}
 w - 2 scrolls of enchant armour {unknown}
 C - 3 scrolls of recharging {unknown}
 E - a scroll of fog {unknown}
 F - a scroll of immolation {unknown}
 G - a scroll of acquirement {unknown}
 H - 2 scrolls of blinking {unknown}
 I - a scroll of amnesia {unknown}
 J - a scroll of summoning {unknown}
Potions
 i - a potion of berserk rage {unknown}
 j - 2 potions of magic {unknown}
 n - a potion of cancellation {unknown}
 o - a potion of mutation {unknown}
 q - 2 potions of curing
 r - 3 potions of degeneration {unknown}
 u - 2 potions of resistance {unknown}
 v - a potion of invisibility {unknown}
 B - a potion of might
 P - a potion of lignification {unknown}
Books
 e - a book of Geomancy

   Spells                             Type                      Level
   a - Sandblast                      Earth                        1
   b - Passwall                       Transmutation/Earth          2
   c - Stone Arrow                    Conjuration/Earth            3
   d - Petrify                        Transmutation/Earth          4
   e - Lee's Rapid Deconstruction     Earth                        5
 t - a book of Misfortune

   Spells                             Type                      Level
   a - Confusing Touch                Hexes                        1
   b - Confuse                        Hexes                        3
   c - Gell's Gravitas                Hexes/Translocation          3
   d - Petrify                        Transmutation/Earth          4
   e - Metabolic Englaciation         Hexes/Ice                    5
   f - Yara's Violent Unravelling     Hexes/Transmutation          5
 A - a book of Maledictions

   Spells                             Type                      Level
   a - Corona                         Hexes                        1
   b - Ensorcelled Hibernation        Hexes/Ice                    2
   c - Confuse                        Hexes                        3
   d - Tukima's Dance                 Hexes                        3
   e - Dazzling Spray                 Conjuration/Hexes            3
Comestibles
 d - 3 bread rations
 D - 2 meat rations
 Q - 10 royal jellies


   Skills:
 - Level 6.0 Short Blades
 - Level 2.4 Dodging
 - Level 6.7 Stealth
 - Level 13.3 Spellcasting
 - Level 2.3 Hexes
 - Level 1.1 Transmutations
 + Level 8.9 Earth Magic
 - Level 4.7 Evocations


You had 13 spell levels left.
You knew the following spells:

 Your Spells              Type           Power        Failure   Level  Hunger
a - Confusing Touch       Hex            ###...       1%          1    None
b - Stone Arrow           Conj/Erth      ####..       2%          3    None
c - Sandblast             Erth           ######       1%          1    None
d - Confuse               Hex            ###.....     6%          3    None
e - Petrify               Tmut/Erth      #####...     8%          4    None
f - Lee's Rapid Deconstr  Erth           ######....   3%          5    ###....
g - Tukima's Dance        Hex            ###.....     6%          3    None
v - Passwall              Tmut/Erth      #####.....   1%          2    None


Dungeon Overview and Level Annotations

Branches:
Dungeon (9/15)             Temple (0/1) D:7
   Lair: D:8-11         Orc: D:9-12

Altars:
Cheibriados
Gozag
Qazlal

Shops:
D:6 (

Annotations:
D:3 ThereIsNoGod's ghost, amateur MiGl
D:9 Loading's ghost, novice GrFi


Message History

Confirm with . or Enter, or press ? or * to list all spells.
Aiming: Petrify
Press: ? - help, Shift-Dir - straight line, f - killer bee
Aim: a killer bee (chance to defeat MR: 71%)
The killer bee struggles to resist.
The killer bee barely misses you. The killer bee closely misses you.
Unknown command.
Okay, then.
Okay, then.
You fail to use your ability.
The killer bee stings you.
* * * LOW HITPOINT WARNING * * *
The killer bee stings you!
* * * LOW HITPOINT WARNING * * *
A hound comes into view.
The hound barks!
The killer bee stings you.
* * * LOW HITPOINT WARNING * * *
The killer bee stings you.
You die...
Your body crumbles into a pile of gold.

$ #. #. # #y ##
#.#####.###)###
.......... ..h
....y#..y##y#
.......#Jy@.#
......5Wy#######.#
..........W$o.o..#
......#...######.#
..##........ .
##......##
###..$.# #....#
.....#


You could see a hound, a jelly, 4 killer bees, Loading's ghost and a shadow imp.

Vanquished Creatures
  Erica (D:8)
  A hill giant (D:8)
  Maurice (D:8)
  Grinder (D:3)
  2 wyverns (D:8)
  2 hungry ghosts
  Grum (D:8)
  Duvessa (D:5)
  3 ogres (D:7)
  A sky beast (D:5)
  A phantom (D:5)
  4 orc warriors
  3 wolves (D:8)
  2 centaurs (D:8)
  2 big kobolds (D:7)
  A wyvern zombie (D:8)
  5 bullfrogs
  2 scorpions
  Dowan (D:5)
  2 wights (D:6)
  An electric eel (D:8)
  2 howler monkeys (D:4)
  4 crimson imps
  A centaur zombie (D:8)
  3 hounds
  4 jellies (D:8)
  A gnoll shaman (D:3)
  6 orc priests
  Crazy Yiuf (D:7)
  5 iguanas
  2 orc wizards
  4 worker ants
  A killer bee zombie (D:5)
  A hound skeleton (D:8)
  2 worker ant zombies
  10 gnolls
  10 adders
  3 shadow imps
  8 oozes
  An adder zombie (D:6)
  4 dart slugs
  3 worms
  7 leopard geckos
  15 orcs
  A ball python (D:4)
  9 giant cockroaches
  5 goblins
  5 hobgoblins
  2 jackals (D:8)
  5 quokkas
  A ball python skeleton (D:6)
  5 bats
  A frilled lizard (D:1)
  8 kobolds
  3 leopard gecko skeletons
  2 quokka zombies (D:6)
  6 rats
189 creatures vanquished.

Notes
Turn   | Place    | Note
-------+----------+-------------------------------------------
     0 | D:1      | Amnesiac the Deep Elf Earth Elementalist began the quest for the Orb.
     0 | D:1      | Reached XP level 1. HP: 10/10 MP: 6/6
   176 | D:1      | Reached XP level 2. HP: 15/15 MP: 6/8
   180 | D:1      | Learned a level 2 spell: Passwall
   397 | D:2      | Reached XP level 3. HP: 14/19 MP: 2/9
   507 | D:3      | Found an opulent altar of Gozag.
   513 | D:3      | Became a worshipper of Gozag Ym Sagoz the Greedy
   540 | D:3      | Reached skill level 5 in Earth Magic
  1156 | D:2      | Reached XP level 4. HP: 24/24 MP: 7/10
  1397 | D:3      | Noticed ThereIsNoGod's ghost (amateur MiGl)
  1430 | D:3      | Learned a level 1 spell: Confusing Touch
  1622 | D:4      | Reached XP level 5. HP: 28/28 MP: 9/11
  1783 | D:4      | Reached XP level 6. HP: 32/32 MP: 6/12
  1808 | D:4      | Learned a level 4 spell: Petrify
  1971 | D:3      | Noticed Grinder
  1982 | D:3      | Killed Grinder
  2641 | D:3      | Reached XP level 7. HP: 36/36 MP: 9/13
  2943 | D:5      | Entered Level 5 of the Dungeon
  2955 | D:5      | Noticed Dowan
  2965 | D:5      | Noticed Duvessa
  2971 | D:5      | Killed Dowan
  2971 | D:5      | Reached skill level 5 in Stealth
  3259 | D:5      | Learned a level 3 spell: Stone Arrow
  3360 | D:5      | HP: 1/36 [Duvessa/short sword (8)]
  3361 | D:5      | Killed Duvessa
  3718 | D:5      | Reached skill level 5 in Short Blades
  3871 | D:5      | Reached XP level 8. HP: 41/41 MP: 14/14
  4260 | D:6      | Found a stormy altar of Qazlal.
  4688 | D:6      | Reached skill level 4 in Spellcasting
  5266 | D:6      | Reached skill level 5 in Spellcasting
  6225 | D:7      | Reached skill level 6 in Spellcasting
  6434 | D:7      | Found a staircase to the Ecumenical Temple.
  6469 | D:7      | Reached skill level 7 in Spellcasting
  6491 | D:7      | Learned a level 5 spell: Lee's Rapid Deconstruction
  6495 | D:7      | Learned a level 3 spell: Confuse
  6780 | D:7      | Reached skill level 8 in Spellcasting
  7434 | D:7      | Reached XP level 9. HP: 45/45 MP: 23/23
  7456 | D:7      | Reached skill level 9 in Spellcasting
  7471 | D:7      | Found a runed door.
  7877 | D:7      | Reached skill level 10 in Spellcasting
  8393 | D:7      | Noticed Crazy Yiuf
  8397 | D:7      | Killed Crazy Yiuf
  8448 | D:7      | Reached skill level 11 in Spellcasting
  8771 | D:8      | Reached skill level 12 in Spellcasting
  8793 | D:8      | Noticed Grum
  8815 | D:8      | Noticed Maurice
  8826 | D:8      | Killed Maurice
  8881 | D:8      | Killed Grum
  8881 | D:8      | Reached skill level 13 in Spellcasting
  9173 | D:8      | Found a snail-covered altar of Cheibriados.
  9173 | D:8      | Noticed Erica
  9261 | D:8      | Noticed a hill giant
  9289 | D:8      | Killed a hill giant
  9289 | D:8      | Reached XP level 10. HP: 50/50 MP: 26/29
  9529 | D:8      | Learned a level 3 spell: Tukima's Dance
  9557 | D:8      | Reached skill level 1 in Hexes
  9612 | D:8      | Killed Erica
  9843 | D:9      | Noticed Loading's ghost (novice GrFi)
  9854 | D:9      | HP: 1/50 [killer bee (6)]
  9854 | D:9      | Slain by a killer bee

Vault maps used:
D:1:      dpeg_arrival_brainrot, corexii_leaking_fountain
D:3:      nicolae_gozag_seed_capital, first_bread, uniq_grinder
D:5:      uniq_duvessa
D:6:      nicolae_overflow_hidden_temple
D:7:      uniq_crazy_yiuf_cottage
D:8:      old_standard_altar, hangedman_little_slice_of_home,
          nicolae_lava_and_water, st_stairs_8, minmay_misc_feat_four_crosses,
          uniq_grum, uniq_erica, uniq_maurice
D:9:      hangedman_ru_absence, lemuel_crystal_altar, trog_eyes_of_draining

Skill      XL: |  1  2  3  4  5  6  7  8  9 10 |
---------------+-------------------------------+-----
Earth Magic    | 4 5 6 7 8 |  8.9
Short Blades   | 3 5 6 |  6.0
Stealth        | 6 |  6.7
Spellcasting   | 8 13 | 13.3
Evocations     | 3 4 |  4.7
Hexes          | 2 |  2.3
Dodging        | |  2.4
Transmutations | |  1.1

Action                   |  1- 3 |  4- 6 |  7- 9 | 10-12 || total
-------------------------+-------+-------+-------+-------++-------
Melee: Dagger            |       |       |   279 |    42 ||   321
       Unarmed           |       |       |       |     2 ||     2
 Cast: Sandblast         |    55 |    62 |    67 |       ||   184
       Petrify           |       |     1 |    81 |    13 ||    95
       Passwall          |       |       |     9 |       ||     9
       Lee's Rapid Decon |       |       |     5 |     4 ||     9
       Confusing Touch   |       |       |       |     1 ||     1
Invok: Potion Petition   |       |     1 |       |       ||     1
       Call Merchant     |       |       |     1 |       ||     1
  Use: Potion            |       |       |     4 |       ||     4
 Stab: Sleeping          |       |       |    11 |     1 ||    12
       Petrified         |       |       |    44 |     8 ||    52
       Petrifying        |       |       |    16 |     7 ||    23
       Distracted        |       |       |     1 |     1 ||     2
       Confused          |       |       |       |     2 ||     2
  Eat: Meat ration       |       |     1 |     3 |       ||     4
       Beef jerky        |       |     1 |     2 |       ||     3
       Bread ration      |       |       |     2 |       ||     2
       Pizza             |       |       |     1 |       ||     1
Armor: Robe              |     3 |     1 |    26 |     5 ||    35
Dodge: Dodged            |    14 |     7 |   146 |    23 ||   190
